 Dungeon Crawl Stone Soup version 0.24.0-13-gcf9b319 (webtiles) character file.

Game seed: 17152452173046449698, levelgen mode: deterministic

472 Balder the Chopper (level 6, 0/70 HPs)
             Began as a Minotaur Fighter on May 7, 2020.
             Was an Initiate of Hepliaklqana.
             Slain by an orc priest (1 damage)
             ... on level 3 of the Dungeon.
             The game lasted 00:12:18 (3368 turns).

Balder the Chopper (Minotaur Fighter)               Turns: 3368, Time: 00:12:18

Health: 0/70       AC: 23    Str: 20    XL:     6   Next: 83%
Magic:  5/5        EV:  2    Int: 10    God:    Hepliaklqana [......]
Gold:   154        SH: 10    Dex: 12    Spells: 5/5 levels left

rFire    . . .     SeeInvis .   a - +0 war axe
rCold    . . .     Gourm    .   c - +0 shield
rNeg     + + +     Faith    .   (armour currently unavailable)
rPois    +         Spirit   .   (helmet currently unavailable)
rElec    .         Reflect  .   (cloak currently unavailable)
rCorr    .         Harm     .   (gloves currently unavailable)
MR       .....     NoTele   +   (boots currently unavailable)
Stlth    +.........             (no amulet)
HPRegen  0.21/turn              (no ring)
MPRegen  0.09/turn              (no ring)

@: brilliant, tree-form
A: (retaliatory headbutt), reduced essence
a: Recall Ancestor, Ancestor Identity, Renounce Religion


You were on level 3 of the Dungeon.
You worshipped Hepliaklqana.
Hepliaklqana was noncommittal.
You were not hungry.
You were a tree.
You visited 2 branches of the dungeon, and saw 5 of its levels.

You collected 154 gold pieces.

Inventory:

Hand Weapons
 a - a +0 war axe (weapon)
 l - a +3 hunting sling
Missiles
 p - 2 boomerangs (quivered)
Armour
 b - a +0 scale mail
 c - a +0 shield (worn)
 d - a +0 plate armour (melded)
Scrolls
 g - 2 scrolls of remove curse {unknown}
 h - 2 scrolls of identify {unknown}
 i - a scroll of magic mapping {unknown}
 k - 3 scrolls of enchant weapon {unknown}
 n - a scroll of enchant armour {unknown}
 q - a scroll of immolation {unknown}
Potions
 e - a potion of lignification
Comestibles
 f - 8 rations
 o - 6 chunks of flesh


   Skills:
 * Level 4.7 Fighting
 * Level 5.6 Axes
 * Level 1.5 Throwing
 * Level 4.6 Armour
 * Level 2.2 Dodging
 + Level 0.5 Stealth
 * Level 5.2 Shields


You had 5 spell levels left.
You didn't know any spells.
Your spell library was empty.

Dungeon Overview and Level Annotations

Branches:
Dungeon (4/15)             Temple (1/1) D:4

Altars:
Ashenzari
Cheibriados
Elyvilon
Gozag
Hepliaklqana
Kikubaaqudgha
Nemelex Xobeh
Okawaru
Qazlal
Ru
Sif Muna
Uskayaw
Vehumet
Wu Jian
Yredelemnul
Zin
The Shining One


Innate Abilities, Weirdness & Mutations

((You reflexively headbutt those who attack you in melee.))
((You have a pair of horns on your head.))
Your life essence is reduced to manifest your ancestor. (-10% HP)


Message History

The adder bites you.
* * * LOW HITPOINT WARNING * * *
You slash the adder!
You kill the adder!
You hit the orc priest. You slash the orc warrior!
You hit the orc but do no damage.
The orc warrior hits you with a cursed +0 long sword.
* * * LOW HITPOINT WARNING * * *
The orc priest calls upon Beogh to heal the orc.
The orc's wounds heal themselves!
You block the orc's attack.
You slash the orc!
You kill the orc!
You hit the orc. You barely miss the orc warrior.
You barely miss the orc priest.
The orc priest mumbles some strange prayers to Beogh against you.
Beogh smites you!
* * * LOW HITPOINT WARNING * * *
You block the orc warrior's attack. The orc barely misses you.
The orc priest hits you.
You die...

# #...# #...# #..... ##
##.#.# #...# #.>...#
.###.##.# #...# #.....#.
........# ##÷..#
#...(###
##.#.##.######....######
#...#
##.#.##.................
##..
>.......................
...
##.#..#.................
##.#..#.#######o♣.######
........# #o†o#
#####.### #...# # #.
#...# . # #...# . #...#
#...# ##.## #######.#


You could see an orc warrior, an orc priest and an orc.

Vanquished Creatures
  2 gnoll shamans
  2 orc priests (D:3)
  2 orc wizards
  An iguana (D:3)
  A worker ant (D:4)
  6 adders
  10 gnolls
  An ooze (D:4)
  A dart slug (D:1)
  2 leopard geckos
  10 orcs
  3 ball pythons
  3 giant cockroaches
  7 goblins
  6 hobgoblins
  11 jackals
  5 kobolds
  A quokka (D:3)
  5 bats
  3 frilled lizards
  4 rats (D:2)
86 creatures vanquished.

Vanquished Creatures (collateral kills)
  A gnoll (D:4)
  An orc (D:4)
2 creatures vanquished.

Vanquished Creatures (others)
  3 ancestors
3 creatures vanquished.

Grand Total: 91 creatures vanquished

Notes
Turn   | Place    | Note
-------+----------+-------------------------------------------
     0 | D:1      | Balder the Minotaur Fighter began the quest for the Orb.
     0 | D:1      | Reached XP level 1. HP: 19/19 MP: 0/0
   131 | D:1      | Reached XP level 2. HP: 27/27 MP: 1/1
   660 | D:2      | Reached XP level 3. HP: 33/33 MP: 2/2
   666 | D:2      | Reached skill level 1 in Dodging
  1032 | D:2      | Reached XP level 4. HP: 16/40 MP: 3/3
  1034 | D:2      | HP: 1/40 [gnoll/+0 halberd (10)]
  1686 | D:2      | Found a shimmering blue altar of Sif Muna.
  1728 | D:2      | Found an ornate altar of the Wu Jian Council.
  1728 | D:2      | Found a glowing golden altar of the Shining One.
  1986 | D:3      | Reached skill level 1 in Throwing
  1986 | D:3      | Reached XP level 5. HP: 15/47 MP: 4/4
  1998 | D:3      | You fall into a shaft and drop 1 floor!
  2235 | D:4      | Reached skill level 5 in Shields
  2235 | D:4      | Reached XP level 6. HP: 30/53 MP: 5/5
  2375 | D:4      | Found a staircase to the Ecumenical Temple.
  2396 | Temple   | Entered the Ecumenical Temple
  2526 | Temple   | Became a worshipper of Hepliaklqana the Forgotten
  3038 | D:4      | Reached skill level 5 in Axes
  3339 | D:3      | Noticed an orc warrior
  3354 | D:3      | HP: 1/47 [orc priest/divine providence (15)]
  3368 | D:3      | HP: 1/70 [orc priest/divine providence (10)]
  3368 | D:3      | Slain by an orc priest

Levels and vault maps discovered:
D:1:      ncdulo_watergridlock, layout_loops_ring, minmay_large_rounded_square,
          minmay_misc_feat_alley, nrook_campfire
D:2:      layout_loops_ring, nicolae_overflow_hidden_temple, led_sif_pool
D:3:      layout_loops_cross, first_ration
D:4:      layout_basic, minmay_temple_entry_mist
Temple:   regret_index_temple_mists

Skill      XL: |  1  2  3  4  5  6 |
---------------+-------------------+-----
Fighting       | 4 |  4.7
Shields        | 4 5 |  5.2
Dodging        | 1 2 |  2.2
Axes           | 3 4 5 |  5.6
Armour         | 4 |  4.6
Throwing       | 1 |  1.5
Stealth        | |  0.5

Action                   |  1- 3 |  4- 6 || total
-------------------------+-------+-------++-------
Melee: War axe           |    58 |   165 ||   223
       Headbutt          |     6 |    24 ||    30
Invok: Ancestor Identity |       |     1 ||     1
  Use: Potion            |     1 |     4 ||     5
 Stab: Distracted        |       |     1 ||     1
  Eat: Chunk             |       |     5 ||     5
       Ration            |       |     1 ||     1
Armor: Scale mail        |    22 |       ||    22
       Plate armour      |       |   109 ||   109
       Skin              |       |     4 ||     4
Dodge: Dodged            |    22 |    29 ||    51
Block: Shield            |    22 |   104 ||   126
